 Dungeon Crawl Stone Soup version 0.20.1-1-g8b1a95d66d (webtiles) character file.

41 NullDivider the Sneak (level 3, -6/15 HPs)
             Began as a Felid Enchanter on Nov 15, 2017.
             Mangled by a scorpion (7 damage)
             ... on level 2 of the Dungeon.
             The game lasted 00:15:43 (2761 turns).

NullDivider the Sneak (Felid Enchanter)             Turns: 2761, Time: 00:15:44

Health: -6/15      AC:  1    Str:  4    XL:     3   Next: 32%
Magic:  7/7        EV: 19    Int: 17    God:
Gold:   132        SH:  0    Dex: 16    Spells: 3/6 levels left
                                        Lives:  0   Deaths: 1

rFire    . . .     SeeInvis +     - Unarmed
rCold    . . .     Gourm    .   (shield unavailable)
rNeg     . . .     Faith    .   (armour unavailable)
rPois    .         Spirit   .   (helmet unavailable)
rElec    .         Reflect  .   (cloak unavailable)
rCorr    .         Harm     .   (gloves unavailable)
MR       .....                  (boots unavailable)
Stlth    ++........             n - amulet of regeneration
Regen    0.5/turn               r - ring of loudness (curse)
MPRegen  0.1/turn               (no ring)

@: quick
A: no armour, no weapons or thrown items, stealth, claws 1, fangs 3, see
invisible, carnivore 3, speed 1, shaggy fur 1, slow metabolism 1, sharp paws
a: no special abilities


You were on level 2 of the Dungeon.
You were very full.

You visited 1 branch of the dungeon, and saw 3 of its levels.

You collected 132 gold pieces.

Inventory:

Jewellery
 m - a +5 amulet of reflection
 n - an amulet of regeneration (around neck)
 r - a cursed ring of loudness (left paw)
Wands
 f - a wand of lightning (15/15)
Scrolls
 i - 2 scrolls of fear
 o - a scroll of teleportation
Potions
 g - 2 potions of berserk rage {unknown}
 h - a potion of flight {unknown}
 k - a potion of lignification {unknown}
 l - a potion of resistance {unknown}
Books
 a - a book of Maledictions

   Spells                             Type                      Level
   a - Corona                         Hexes                        1
   b - Ensorcelled Hibernation        Hexes/Ice                    2
   c - Confuse                        Hexes                        3
   d - Tukima's Dance                 Hexes                        3
   e - Dazzling Spray                 Conjuration/Hexes            3
Comestibles
 b - 3 meat rations


   Skills:
 - Level 1.0 Fighting
 + Level 4.0 Dodging
 + Level 5.3 Stealth
 + Level 2.0 Unarmed Combat
 * Level 2.0 Spellcasting
 * Level 4.5 Hexes


You had 3 spell levels left.
You knew the following spells:

 Your Spells              Type           Power        Failure   Level  Hunger
a - Corona                Hex            ###....      3%          1    #......
b - Ensorcelled Hibernat  Hex/Ice        #.....       12%         2    ###....


Dungeon Overview and Level Annotations

Branches:
Dungeon (3/15)

Altars:
Ashenzari

Annotations:
D:3 Zeloya's ghost, weakling KoSu


Innate Abilities, Weirdness & Mutations

You cannot wear armour.
You are incapable of wielding weapons or throwing items.
Your paws allow you to move quietly. (Stealth)
You have sharp claws.
You have razor-sharp teeth.
You have supernaturally acute eyesight. (SInv)
You are carnivorous and can eat meat at any time.
You cover ground quickly.
You are covered in fur. (AC +1)
You have a slow metabolism.
Your sharp claws are effective at attacking unaware monsters.


Message History

The scorpion is heavily wounded.
The scorpion misses you.
You barely miss the scorpion. Your bite misses the scorpion.
The scorpion is heavily wounded.
The scorpion stings you.
You scratch the scorpion but do no damage.
The scorpion is heavily wounded.
The scorpion stings you.
You closely miss the scorpion.
The scorpion is heavily wounded.
The scorpion stings you.
* * * LOW HITPOINT WARNING * * *
You scratch the scorpion. Your bite misses the scorpion.
The scorpion is heavily wounded.
The scorpion stings you.
* * * LOW HITPOINT WARNING * * *
You scratch the scorpion but do no damage.
The scorpion is heavily wounded.
The scorpion stings you!
You die...

#.#
##.......#
#.#
#.......#
#.#
#.......#
#.#
#........
#.#
#.......#
#.#########
#........
#.........#
#.....[..
#########s#
#....รท...
#..@.#
########.
##.#.# #.
#.#.# #.
#.### ##
#.# # #.# #
#.# #####
#.###...#
#...'...#


You could see a scorpion.

Vanquished Creatures
  3 adders
  An ooze (D:2)
  2 dart slugs (D:1)
  A leopard gecko (D:2)
  5 orcs
  A ball python (D:1)
  6 giant cockroaches
  8 goblins
  4 hobgoblins (D:1)
  A quokka (D:2)
  8 bats
  3 frilled lizards
  2 kobolds
  3 rats (D:1)
48 creatures vanquished.

Notes
Turn   | Place    | Note
-------+----------+-------------------------------------------
     0 | D:1      | NullDivider the Felid Enchanter began the quest for the Orb.
     0 | D:1      | Reached XP level 1. HP: 7/7 MP: 4/4
    40 | D:1      | Found a shattered altar of Ashenzari.
   230 | D:1      | Reached XP level 2. HP: 11/11 MP: 6/6
   645 | D:1      | Reached XP level 3. HP: 12/15 MP: 7/7
  1737 | D:2      | Learned a level 2 spell: Ensorcelled Hibernation
  1772 | D:2      | Reached skill level 1 in Fighting
  2223 | D:2      | Reached skill level 5 in Stealth
  2223 | D:2      | Reached XP level 4. HP: 19/19 MP: 3/8
  2290 | D:2      | Found a faded altar of an unknown god.
  2579 | D:3      | Noticed Zeloya's ghost (weakling KoSu)
  2726 | D:2      | Slain by a scorpion
  2727 | D:2      | Reached XP level 3. HP: -5/15 MP: 1/7
  2761 | D:2      | Mangled by a scorpion

Skill      XL: |  1  2  3 |
---------------+----------+-----
Dodging        | 3 4 |  4.0
Fighting       | 1 |  1.0
Unarmed Combat | 2 |  2.0
Stealth        | 5 |  5.3
Spellcasting   | |  2.0
Hexes          | |  4.5

Action                   |  1- 3 |  4- 6 || total
-------------------------+-------+-------++-------
Melee: Unarmed           |   112 |    48 ||   160
       Bite              |     8 |     2 ||    10
 Cast: Corona            |     5 |     3 ||     8
       Ensorcelled Hiber |     3 |     9 ||    12
  Use: Scroll            |       |     7 ||     7
 Stab: Sleeping          |    18 |     2 ||    20
       Distracted        |     1 |       ||     1
  Eat: Chunk             |    15 |     2 ||    17
Armor: Skin              |     9 |     1 ||    10
Dodge: Dodged            |    75 |    53 ||   128
